 Dungeon Crawl Stone Soup version 0.29.1-15-g9cfb28693d (webtiles) character file.

Game seed: 2156810116878847600

7686 nightchill the Cleaver (level 11, -2/91 HPs)
             Began as a Minotaur Fighter on Apr 27, 2023.
             Was a Believer of Hepliaklqana.
             Slain by a centaur warrior
             ... wielding a +4 sling of flaming
              (8 damage)
             ... on level 8 of the Dungeon on Apr 29, 2023.
             The game lasted 00:15:05 (8868 turns).

nightchill the Cleaver (Minotaur Fighter)           Turns: 8868, Time: 00:15:05

Health: -2/91      AC: 12    Str: 26    XL:     11   Next: 0%
Magic:  0/14       EV: 10    Int:  5    God:    Hepliaklqana [**....]
Gold:   482        SH:  4    Dex:  9    Spells: 10/10 levels left

rFire   + . .      SeeInvis .   a - +0 war axe
rCold   + . .      Faith    .   c - +0 buckler
rNeg    . . .      Spirit   +   z - +4 ring mail {rF+}
rPois   +          Reflect  .   (helmet restricted)
rElec   .          Harm     .   F - +1 cloak {rPois}
rCorr   .          Rampage  .   (no gloves)
Will    .....                   (no boots)
Stlth   ..........              l - amulet of guardian spirit
HPRegen 0.25/turn               r - ring of protection from cold
MPRegen 0.14/turn               (no ring)

@: no status effects
A: reduced essence, horns 2, retaliatory headbutt
a: Renounce Religion, Recall Ancestor, Ancestor Identity


You were on level 8 of the Dungeon.
You worshipped Hepliaklqana.
Hepliaklqana was pleased with you.
You visited 2 branches of the dungeon, and saw 9 of its levels.

You collected 482 gold pieces.

Inventory:

Hand Weapons
 a - a +0 war axe (weapon)
 y - a +2 flail of protection
Missiles
 G - 3 curare-tipped darts (quivered)
 K - 6 atropa-tipped darts
Armour
 b - a +0 scale mail
 c - a +0 buckler (worn)
 z - a +4 ring mail of fire resistance (worn)
 F - a +1 cloak of poison resistance (worn)
 N - a +2 scale mail of cold resistance
Magical Staves
 w - a staff of fire
Jewellery
 l - an amulet of guardian spirit (around neck)
 r - a ring of protection from cold (left hand)
 v - a ring of protection from cold
 B - a ring of protection from fire
Wands
 n - a wand of charming (22)
 x - a wand of polymorph (6)
Scrolls
 f - 2 scrolls of amnesia
 h - 2 scrolls of teleportation {unknown}
 i - a scroll of acquirement {unknown}
 j - a scroll of brand weapon {unknown}
 k - a scroll of blinking {unknown}
 m - a scroll of vulnerability {unknown}
 o - 2 scrolls of magic mapping
 p - 3 scrolls of immolation
 s - a scroll of silence {unknown}
 t - a scroll of poison {unknown}
 C - a scroll of fog {unknown}
 D - a scroll of noise {unknown}
 E - 2 scrolls of torment {unknown}
 I - a scroll of fear {unknown}
 J - a scroll of enchant weapon {unknown}
Potions
 e - 3 potions of invisibility
 g - a potion of resistance
 q - a potion of heal wounds
 u - 2 potions of degeneration {unknown}
 A - 2 potions of attraction
 H - 6 potions of curing
 L - 2 potions of flight {unknown}
 M - a potion of haste
 O - a potion of cancellation {unknown}


   Skills:
 + Level 11.3 Fighting
 * Level 14.9 Axes
 - Level 4.1 Armour
 - Level 4.1 Shields
 + Level 6.5 Invocations


You had 10 spell levels left.
You didn't know any spells.
Your spell library contained the following spells:

 Spells                   Type           Power      Damage    Failure   Level
 Poisonous Vapours        Pois/Air       0%         N/A       83%         2
 Conjure Flame            Conj/Fire      0%         6-21      97%         3
 Ignite Poison            Fire/Tmut/Pois 0%         N/A       97%         3
 Corpse Rot               Necr/Pois/Air  0%         N/A       100%        4
 Leda's Liquefaction      Hex/Erth       0%         N/A       100%        4
 Sticky Flame             Conj/Fire      0%         2d3       100%        4
 Lee's Rapid Deconstruct  Erth           0%         3d5*      100%        5
 Statue Form              Tmut/Erth      0%         N/A       100%        6


Dungeon Overview and Level Annotations

Branches:
Dungeon (8/15)             Temple (1/1) D:4
   Lair: D:8-11

Altars:
Cheibriados
Dithmenos
Elyvilon
Fedhas
Gozag
Hepliaklqana
Kikubaaqudgha
Makhleb
Nemelex Xobeh
Okawaru
Qazlal
Trog
Uskayaw
Vehumet
Wu Jian
Xom
Yredelemnul
Zin

Shops:
D:1 =

Annotations:
D:1 1 runed translucent door
D:3 3 runed translucent doors, exclusion: downstairs, diceflayer's ghost, amateur DsHu


Innate Abilities, Weirdness & Mutations

Your life essence is reduced to manifest your ancestor. (-10% HP)
You have a pair of horns on your head.
You reflexively headbutt those who attack you in melee.


Message History

You start resting.
Something hits Jimmeh but does no damage.
You swap places.
A centaur warrior and a slime creature come into view.
The centaur warrior is wielding a +4 sling of flaming.
The centaur warrior shouts!
The slime creature hits you!
* * * LOW HITPOINT WARNING * * *
Things that are here:
a +3 long sword; a +0 robe You slice the slime creature!!
Your headbutt misses the slime creature.
The slime creature is moderately wounded.
The slime creature hits you.
You slice the slime creature!!
The slime creature is severely wounded.
A vampire mosquito comes into view.
You hit the slime creature.
The slime creature is severely wounded.
The slime creature hits you.
* * * LOW HITPOINT WARNING * * *
Jimmeh hits the slime creature with a +0 flail.
The slime creature hits Jimmeh but does no damage.
Jimmeh hits the slime creature with a +0 flail!
Jimmeh blocks the slime creature's attack.
Jimmeh hits the slime creature with a +0 flail!
The slime creature dies!
You have reached level 11!
Okay, then.
Jimmeh is recalled.
The centaur warrior shoots a sling bullet.
The sling bullet hits you!!
* * * LOW HITPOINT WARNING * * *
The sling bullet burns you.
* * * LOW HITPOINT WARNING * * *
The centaur warrior hits you with a +4 sling of flaming.
* * * LOW HITPOINT WARNING * * *
The centaur warrior kicks you but does no damage.
The centaur warrior hits you with a +4 sling of flaming!
You die...

....# #.##......####'#.#.####..
.##.# #.##..#....)###.#####..#R
.##.# #.##..###.....#####..###.
.##.# #.##...#....##'##..###.#.
###.#####.##......#####..###.....
###.......##)...####R)###..###(#.
>##.####..##..#####..#)####..###.
.##.# ##.#.####.c#..##cy####..#.
.##.# #.#)###.@#..#.##.# ###..
.##.# #.##..#..#..#.##.# # ###
.##.# #.####..#..#..##.#.#.#.#
....# #.# ####.†#..#.........
..### #.# ###...##†#.#.#.## ....#
#.# ##..##)#.# ###. ..#.# #.#
#####.# ###... ..#.# #.#
..###...#. ..#.# #.# ###...##..


You could see a centaur warrior.

Vanquished Creatures
  A boulder beetle (D:8)
  A catoblepas (D:8)
  A troll (D:8)
  Sigmund (D:4)
  4 yaks (D:8)
  2 steam dragons
  Edmund (D:5)
  Menkaure (D:7)
  2 water moccasins
  2 orc warriors
  2 sky beasts (D:8)
  3 ice beasts
  A black bear (D:8)
  An ogre (D:7)
  A phantom (D:5)
  5 kobold brigands
  2 bullfrogs (D:7)
  2 gnoll sergeants
  A necrophage (D:8)
  2 scorpions
  5 wights
  A killer bee (D:8)
  5 howler monkeys
  An orc priest (D:8)
  Crazy Yiuf (D:5)
  5 hounds
  6 jellies
  7 iguanas
  5 orc wizards
  18 adders
  10 gnolls
  A worm (D:4)
  A dart slug (D:1)
  8 orcs
  4 ball pythons
  6 bats
  6 endoplasms
  5 giant cockroaches
  7 goblins
  5 hobgoblins
  2 jackals (D:1)
  13 kobolds
  4 quokkas
  5 frilled lizards
  A rat (D:2)
168 creatures vanquished.

Vanquished Creatures (collateral kills)
  A two-headed ogre (D:8)
  A deep elf pyromancer (D:8)
  A slime creature (D:8)
  2 yaks (D:8)
  A kobold brigand (D:8)
  A scorpion (D:7)
  A wight (D:8)
  A gnoll (D:7)
  2 orcs
11 creatures vanquished.

Vanquished Creatures (others)
  A knight (D:8)
  2 ancestors (D:7)
3 creatures vanquished.

Grand Total: 182 creatures vanquished

Notes
Turn   | Place    | Note
-------+----------+-------------------------------------------
     0 | D:1      | nightchill the Minotaur Fighter began the quest for the
                  | Orb.
     0 | D:1      | Reached XP level 1. HP: 19/19 MP: 0/0
     2 | D:1      | Found a runed translucent door.
   101 | D:1      | Noticed a floating eye
   108 | D:1      | Found a faded altar of an unknown god.
   110 | D:1      | Noticed an eye of devastation
   111 | D:1      | Noticed a great orb of eyes
   111 | D:1      | Noticed a golden eye
   140 | D:1      | Reached XP level 2. HP: 26/27 MP: 1/1
   401 | D:1      | Reached skill level 3 in Axes
   401 | D:1      | Reached XP level 3. HP: 33/33 MP: 2/2
   490 | D:1      | Found Wacih's Jewellery Shoppe.
  1233 | D:2      | Reached XP level 4. HP: 41/41 MP: 3/3
  1413 | D:2      | Reached skill level 4 in Axes
  1617 | D:3      | Found a runed translucent gate.
  1617 | D:3      | Found a runed translucent gate.
  1618 | D:3      | Found a runed translucent gate.
  1619 | D:3      | Noticed diceflayer's ghost (amateur DsHu)
  2186 | D:4      | Reached XP level 5. HP: 33/47 MP: 4/4
  2557 | D:4      | Noticed Sigmund
  2596 | D:3      | Reached skill level 5 in Fighting
  2596 | D:3      | Reached skill level 5 in Axes
  2863 | D:4      | Killed Sigmund
  2864 | D:4      | Reached skill level 6 in Axes
  2864 | D:4      | Reached XP level 6. HP: 14/57 MP: 5/5
  3323 | D:4      | Reached skill level 7 in Axes
  3615 | D:4      | Found a staircase to the Ecumenical Temple.
  3718 | D:5      | Entered Level 5 of the Dungeon
  3834 | D:5      | Reached XP level 7. HP: 58/64 MP: 4/6
  3866 | D:5      | Noticed Edmund
  3880 | D:5      | Killed Edmund
  4034 | D:5      | Reached skill level 8 in Axes
  4090 | Temple   | Entered the Ecumenical Temple
  4096 | Temple   | Became a worshipper of Hepliaklqana the Forgotten
  4379 | D:5      | Reached skill level 9 in Axes
  4383 | D:5      | Reached XP level 8. HP: 46/73 MP: 7/7
  4805 | D:5      | Found a runed translucent door.
  4806 | D:5      | Noticed Crazy Yiuf
  5253 | D:5      | Killed Crazy Yiuf
  5522 | D:6      | Reached skill level 10 in Axes
  5697 | D:6      | Reached * piety under Hepliaklqana
  6007 | D:6      | Reached skill level 1 in Invocations
  6354 | D:7      | Reached skill level 11 in Axes
  6385 | D:7      | Reached XP level 9. HP: 51/73 MP: 6/9
  6720 | D:7      | Found a faded altar of an unknown god.
  6720 | D:7      | Found a sparkling altar of Nemelex Xobeh.
  6728 | D:7      | Found a white marble altar of Elyvilon.
  6730 | D:7      | Found a glowing silver altar of Zin.
  6732 | D:7      | Found an iron altar of Okawaru.
  7040 | D:7      | Reached skill level 12 in Axes
  7125 | D:7      | Noticed Menkaure
  7130 | D:7      | Killed Menkaure
  7791 | D:8      | Reached ** piety under Hepliaklqana
  7792 | D:8      | Remembered your ancestor Jimmeh as a knight
  8236 | D:8      | Reached skill level 10 in Fighting
  8236 | D:8      | Reached skill level 13 in Axes
  8240 | D:8      | Reached XP level 10. HP: 71/83 MP: 9/12
  8277 | D:8      | Reached skill level 5 in Invocations
  8339 | D:8      | Noticed a boulder beetle
  8367 | D:8      | Killed a boulder beetle
  8615 | D:8      | Reached skill level 14 in Axes
  8622 | D:8      | Noticed a two-headed ogre
  8642 | D:8      | Killed a two-headed ogre
  8789 | D:8      | Noticed a deep elf pyromancer
  8795 | D:8      | Noticed a catoblepas
  8810 | D:8      | Killed a catoblepas
  8811 | D:8      | Killed a deep elf pyromancer
  8857 | D:8      | Noticed a centaur warrior
  8864 | D:8      | Reached XP level 11. HP: 34/91 MP: 4/14
  8868 | D:8      | Slain by a centaur warrior

Illustrated notes

Levels and vault maps discovered:
D:1:      dpeg_arrival_caged_fury, layout_loops_ring, serial_shops,
          nicolae_square_shop, hellmonk_ecumenical_altar_watching_god
D:2:      layout_loops_ring
D:3:      layout_basic, gammafunk_ghost_necromancy
D:4:      layout_basic, minmay_temple_entry_from_below_a, uniq_sigmund
D:5:      layout_cave_pods, grunt_decor_clamped, nicolae_hexahallways,
          minmay_misc_feat_rows, minmay_starry_boxes, uniq_edmund,
          uniq_crazy_yiuf_cottage
D:6:      layout_loops_ring
D:7:      layout_basic, chequers_temple_overflow_minitemple, uniq_menkaure
D:8:      minmay_the_grid_triangle_9x9_rhombus_full
          [minmay_the_grid_triangle_9x9_semitri,
          minmay_the_grid_triangle_9x9_pentomino_pain,
          minmay_the_grid_triangle_9x9_thin_v,
          minmay_the_grid_triangle_9x9_checkered,
          minmay_the_grid_triangle_9x9_windchime,
          minmay_the_grid_triangle_9x9_skeleton,
          minmay_the_grid_triangle_9x9_odd_lines,
          minmay_the_grid_triangle_9x9_prize_center], layout_loops_ring
Temple:   dpeg_three_leaves_temple

Skill      XL: |  1  2  3  4  5  6  7  8  9 10 |
---------------+-------------------------------+-----
Shields        | 4 |  4.1
Fighting       | 4 5 6 7 8 10 11 | 11.3
Armour         | 4 |  4.1
Axes           | 3 4 6 7 9 11 13 14 | 14.9
Invocations    | 2 4 6 |  6.5

Action                   |  1- 3 |  4- 6 |  7- 9 | 10-12 || total
-------------------------+-------+-------+-------+-------++-------
Melee: War axe           |    59 |   136 |   245 |    78 ||   518
       Headbutt          |     2 |    17 |    48 |    15 ||    82
       Unarmed           |       |       |     1 |       ||     1
Invok: Ancestor Identity |       |       |     1 |       ||     1
       Ancestor Life: Kn |       |       |     1 |       ||     1
       Recall Ancestor   |       |       |       |     1 ||     1
  Use: Scroll            |       |     1 |     8 |       ||     9
       Potion            |       |       |     1 |     3 ||     4
 Stab: Distracted        |       |       |     1 |       ||     1
Armor: Scale mail        |    26 |    54 |       |       ||    80
       Ring mail         |       |       |    75 |    26 ||   101
Dodge: Dodged            |    37 |    64 |    88 |    34 ||   223
Block: Buckler           |    12 |    27 |    42 |     5 ||    86
